[Event "Early-Titled-Tuesday-Blitz-January-16-2024"]
[Site "Chess.com"]
[Date "2024.01.16"]
[Round "5"]
[White "tigurones"]
[Black "ritanovikova"]
[Result "1-0"]
[WhiteElo "2356"]
[BlackElo "2165"]
[TimeControl "180+1"]
[EndTime "8:58:20 PST"]
[Termination "tigurones won on time"]

1. d4 d5 2. Nf3 Nf6 3. Ng1 Bf5 4.
e3 e6 5. c4 c6 6. Nc3 Be7 7.
Nf3 O-O 8. Be2 Nbd7 9. O-O Bg4 10.
b3 Ne4 11. Nxe4 dxe4 12. Nd2 Bxe2 13. Qxe2 f5 14. Bb2 Bd6 15. f3 Qh4 16. g3 exf3 17.
Nxf3 Qg4 18. Rae1 Rae8 19. Nh4 Qxe2 20. Rxe2 g5 21. Nf3 h6 22. e4 f4 23. e5 Bc7 24. Nd2 fxg3 25. hxg3 c5 26. Rxf8+ Kxf8 27. dxc5 Nxc5 28. Ba3 Bb6 29. Kg2 Kg7 30. Bxc5 Bxc5 31. Ne4 Bd4 32. Rd2 Bxe5 33. Rd7+ Kg6 34. Rxb7 Bd4 35. Rd7 Be3 36. Kf3 Bg1 37. c5 a5 38. c6 Rc8 39. c7 Bb6 40. Rd6 Bxc7 41. Rxe6+ Kf7 42. Rc6 Ke7 43. Kg4 Kd7 44. Rxh6 Bd8 45.
Rd6+ Kc7 46. Rd5 Kb6 47. a4 Rc1 48. Nxg5 Rb1 49. Rb5+ Ka6 50. Ne6 Be7 51. Nc7+ Ka7 52. Nd5 Bd8 53. Ne3 Be7 54. Nc4 Bb4 55. Nxa5 Rxb3 56.
Nxb3 1-0

[Event "Early-Titled-Tuesday-Blitz-January-16-2024"]
[Site "Chess.com"]
[Date "2024.01.16"]
[Round "5"]
[White "azikom"]
[Black "vladislavkovalev"]
[Result "1-0"]
[WhiteElo "2694"]
[BlackElo "2870"]
[TimeControl "180+1"]
[EndTime "8:58:21 PST"]
[Termination "azikom won on time"]

1. d4 Nf6 2. c4 e6 3. Nc3 Bb4 4. e3 O-O 5. Ne2 Re8 6. a3 Bf8 7. Ng3 d5 8. b4 a5 9. b5 c5 10.
bxc6 bxc6 11. Be2 Ba6 12. cxd5 cxd5 13. O-O Nbd7 14. Nb5 Nb6 15. a4 Nc4 16. e4 Rc8 17.
e5 Ne4 18. Bd3 Nxg3 19. hxg3 g6 20. g4 Bxb5 21. axb5 Qb6 22. Bb1 Qxb5 23. f4 Bb4 24. Bc2 Qb6 25. Rf3 Nxe5 26. fxe5 Rxc2 27. Qxc2 Qxd4+ 28. Kh1 Qxa1 29. Qc7 Be7 30. Kh2 Qd4 31. Ba3 1-0

[Event "Early-Titled-Tuesday-Blitz-January-16-2024"]
[Site "Chess.com"]
[Date "2024.01.16"]
[Round "5"]
[White "Buzhizhebuguai"]
[Black "DanilNajdin"]
[Result "1-0"]
[WhiteElo "2667"]
[BlackElo "2499"]
[TimeControl "180+1"]
[EndTime "8:58:22 PST"]
[Termination "Buzhizhebuguai won by resignation"]

1. Nf3 d5 2. g3 Nf6 3. c4 c6 4. Bg2 Bf5 5. O-O e6 6. b3 h6 7. Bb2 Be7 8. d3 O-O 9. Nbd2 Bh7 10. a3 a5 11. Ra2 Nfd7 12. Qa1 Bf6 13. Rb1 Na6 14.
b4 axb4 15. axb4 Nc7 16. Nd4 e5 17. N4b3 e4 18. dxe4 dxe4 19. Rxa8 Nxa8 20. Nxe4 Bxb2 21. Rxb2 Nab6 22. Qc1 Qe7 23. Nec5 Ne5 24. Na5 Re8 25.
Rd2 Bf5 26. h3 Bc8 27. Kh2 Qf6 28. e3 Nf3+ 29. Bxf3 Qxf3 30. Qd1 Qf5 31. g4 Qe5+ 32. Kg1 h5 33. Rd8 hxg4 34. hxg4 Kh7 35. Naxb7 Rxd8 36. Nxd8 Nxc4 37. Qd3+ f5 38. Qxc4 fxg4 39. Qe4+ Qxe4 40.
Nxe4 Kg6 41. Nxc6 Bb7 42. Ne7+ Kf7 43. Nd6+ Kxe7 44. Nxb7 1-0

[Event "Early-Titled-Tuesday-Blitz-January-16-2024"]
[Site "Chess.com"]
[Date "2024.01.16"]
[Round "5"]
[White "ATM622"]
[Black "CrushingKings"]
[Result "0-1"]
[WhiteElo "2492"]
[BlackElo "2661"]
[TimeControl "180+1"]
[EndTime "8:58:22 PST"]
[Termination "CrushingKings won on time"]

1. d4 g6 2. c4 Bg7 3. g3 Nf6 4. Bg2 O-O 5. Nf3 d6 6. O-O Nbd7 7.
Nc3 c5 8. b3 Rb8 9. Bb2 a6 10.
Qc2 b5 11. Rfd1 bxc4 12. bxc4 Qa5 13. Rab1 Nb6 14. Ba1 Bd7 15. dxc5 Qxc5 16. Nd4 Nxc4 17.
Na4 Qa5 18. Rxb8 Rxb8 19. Nc6 Bxc6 20. Bxc6 Na3 21. Qd3 Nb5 22. Nc3 Na7 23. Bg2 Rc8 24.
Nd5 Nxd5 25. Bxg7 Nb4 26. Qd4 Nac6 27. Qg4 f5 28. Qc4+ Kxg7 29. Qe6 Rc7 30. Rc1 Qa3 31. Rc4 Qxa2 32. h3 Qa1+ 33. Kh2 Qe5 0-1

[Event "Early-Titled-Tuesday-Blitz-January-16-2024"]
[Site "Chess.com"]
[Date "2024.01.16"]
[Round "5"]
[White "Levanzovsky"]
[Black "AradNazari"]
[Result "0-1"]
[WhiteElo "2465"]
[BlackElo "2638"]
[TimeControl "180+1"]
[EndTime "8:58:22 PST"]
[Termination "AradNazari won by checkmate"]

1. Nf3 g5 2. Nxg5 e5 3. d4 h6 4. Nh3 e4 5. Nf4 Nf6 6. c4 c6 7. Nc3 d6 8. g3 Bf5 9. Bg2 Bg7 10. O-O Nbd7 11. f3 exf3 12. Bxf3 h5 13. e4 Bg4 14.
h3 Bxf3 15. Qxf3 Qb6 16. c5 dxc5 17. e5 Ng4 18. hxg4 cxd4 19. Ne4 Nxe5 20. Nd6+ Kd7 21.
Qa3 Bf8 22. Nd3 Bxd6 23. Nxe5+ Bxe5 24. Rxf7+ Kc8 25. Qe7 d3+ 26. Kg2 Qb5 27. Qd7+ Kb8 28. Bf4 Qxb2+ 29. Kf3 Qe2# 0-1

[Event "Early-Titled-Tuesday-Blitz-January-16-2024"]
[Site "Chess.com"]
[Date "2024.01.16"]
[Round "5"]
[White "TitarovVasiliYouTube"]
[Black "GMJustin"]
[Result "1-0"]
[WhiteElo "2532"]
[BlackElo "2316"]
[TimeControl "180+1"]
[EndTime "8:58:22 PST"]
[Termination "TitarovVasiliYouTube won on time"]

1. e4 e5 2. Nf3 Nc6 3. Bb5 a6 4. Ba4 Nf6 5. O-O Nxe4 6. d4 b5 7.
Bb3 d5 8. dxe5 Be6 9. c3 Bc5 10. Qe2 O-O 11. Be3 Bg4 12. Rd1 Ne7 13. Nbd2 Bxe3 14.
Qxe3 Nxd2 15. Rxd2 c6 16. Bc2 Bxf3 17. Qxf3 Ng6 18.
Re1 Qg5 19. Rde2 Rae8 20. Qg3 Qh5 21. f4 f6 22. e6 f5 23. Qf2 Rf6 24. g3 Re7 25. Qc5 Qg4 26. Qd6 h5 27. Rg2 h4 28.
Qxc6 hxg3 29. hxg3 Qf3 30. Qc5 1-0

[Event "Early-Titled-Tuesday-Blitz-January-16-2024"]
[Site "Chess.com"]
[Date "2024.01.16"]
[Round "5"]
[White "Chessbard1972"]
[Black "kritipatel"]
[Result "1-0"]
[WhiteElo "2406"]
[BlackElo "2169"]
[TimeControl "180+1"]
[EndTime "8:58:22 PST"]
[Termination "Chessbard1972 won by checkmate"]

1. d4 d5 2. c4 e6 3. Nc3 Nf6 4. Bg5 Be7 5. e3 O-O 6. cxd5 exd5 7. Qc2 Nbd7 8. Bd3 c6 9. Nge2 Re8 10. O-O Nf8 11.
f3 g6 12. Bh4 Ne6 13. Bf2 b5 14. a3 Bb7 15. Rad1 Rc8 16. b4 a5 17. Rb1 Bd6 18. h3 Qe7 19. Qb2 axb4 20. axb4 Bb8 21.
e4 dxe4 22. fxe4 Nf4 23. Nxf4 Bxf4 24. Rbe1 Nh5 25. Ne2 Bb8 26. e5 Qg5 27. Be4 f6 28.
Qb3+ Kg7 29. h4 Qg4 30. Bf3 Qf5 31. g4 Qd7 32. gxh5 fxe5 33. Ng3 exd4 34. hxg6 hxg6 35.
h5 g5 36. Be4 Rf8 37. Qd3 Rcd8 38. Nf5+ Rxf5 39. Bxf5 Qd6 40. h6+ Kxh6 41. Re6+ Qxe6 42. Bxe6 Kg7 43. Bxd4+ Kh6 44. Qh3+ Kg6 45. Rf6+ Kg7 46. Qh6# 1-0

[Event "Early-Titled-Tuesday-Blitz-January-16-2024"]
[Site "Chess.com"]
[Date "2024.01.16"]
[Round "5"]
[White "NewBornNow"]
[Black "Garbaranza"]
[Result "1-0"]
[WhiteElo "2785"]
[BlackElo "2439"]
[TimeControl "180+1"]
[EndTime "8:58:23 PST"]
[Termination "NewBornNow won by resignation"]

1. e4 e5 2. Nf3 Nc6 3. Bc4 Bc5 4. c3 Nf6 5. d3 O-O 6. a4 a6 7. O-O d5 8. exd5 Nxd5 9. Re1 Bg4 10. h3 Bh5 11. g4 Bg6 12. Nxe5 Nxe5 13. Rxe5 c6 14.
d4 Bd6 15. Re1 Qh4 16. Qf3 Rfe8 17. Bd2 Rxe1+ 18. Bxe1 Nf4 19. Bf1 Re8 20. Nd2 f5 21. Nc4 Bc7 22. Ne5 Nd5 23. Nxg6 hxg6 24. Bd2 Rf8 25.
g5 Bf4 26. Bxf4 Nxf4 27. Qg3 Qxg3+ 28. fxg3 Nd5 29. Re1 Kf7 30. Bc4 b5 31. Bb3 Rb8 32. a5 b4 33. c4 Nc7 34. c5+ Kf8 35. Bc4 Rd8 36. Rd1 Nb5 37. Bxb5 axb5 38. Kf2 Ra8 39.
Ra1 Ra6 40. Ke3 Ke7 41. d5 cxd5 42. Kd4 Ke6 43. b3 Ra8 44. a6 Ra7 45. Ra5 Kd7 46. Kxd5 Kc7 47. Ra1 Kd7 48. c6+ Kc7 49. Kc5 1-0

[Event "Early-Titled-Tuesday-Blitz-January-16-2024"]
[Site "Chess.com"]
[Date "2024.01.16"]
[Round "5"]
[White "jinbojinbo"]
[Black "Genghis_K"]
[Result "0-1"]
[WhiteElo "2631"]
[BlackElo "2851"]
[TimeControl "180+1"]
[EndTime "8:58:25 PST"]
[Termination "Genghis_K won by resignation"]

1. e4 c5 2. Nf3 d6 3. d4 cxd4 4. Nxd4 Nf6 5. Nc3 a6 6. Be3 Ng4 7. Bc1 Nc6 8. Nxc6 bxc6 9. Be2 h5 10. h3 Nf6 11. O-O Qb6 12. Bc4 g5 13. Bxg5 Qxb2 14.
Qd3 Bg7 15. Rab1 Qa3 16. Bxf6 Bxf6 17. Nd5 Qc5 18. Nxf6+ exf6 19. Rfd1 Ke7 20. Qd4 Qe5 21. Rb6 Bd7 22. Rb7 Rhb8 23. Rxb8 Qxd4 24. Rxd4 Rxb8 25. Bb3 c5 26. Rd2 a5 27. c3 a4 28. Bd1 Rb1 29.
Kh2 a3 30. Bxh5 Rb2 31. Rd1 Rxa2 32. Kg3 Rb2 33. Bg4 Bb5 34. Ra1 a2 35. Bf5 Bc4 36.
e5 fxe5 37. h4 Kf6 38. Bh7 d5 39. f3 e4 40. fxe4 Kg7 41. Bf5 Rb1 0-1

[Event "Early-Titled-Tuesday-Blitz-January-16-2024"]
[Site "Chess.com"]
[Date "2024.01.16"]
[Round "5"]
[White "deribas12345"]
[Black "Roman_Ovetchkin"]
[Result "0-1"]
[WhiteElo "2490"]
[BlackElo "2658"]
[TimeControl "180+1"]
[EndTime "8:58:26 PST"]
[Termination "Roman_Ovetchkin won on time"]

1. d4 Nf6 2. c4 c5 3. d5 b5 4. e4 Nxe4 5. Qf3 Nd6 6. Nc3 bxc4 7.
Nh3 g6 8. Be2 Bg7 9. O-O Na6 10.
Ng5 Nb4 11. Nce4 O-O 12. Nxh7 Nxe4 13. Nxf8 Nd6 14. Nxg6 fxg6 15. Bf4 Nc2 16. Qg4 Nxa1 17. Qxg6 Qe8 18. Qg5 Nc2 19. Bh5 Qf8 20. Bg6 Nd4 21.
Re1 Qf6 22. Qg4 Nf7 23. h4 d6 24. Qg3 Bf5 25. Bxf7+ Qxf7 26. h5 Kh8 27. Bg5 Bf6 28.
Qf4 Rg8 29. Bxf6+ Qxf6 30. h6 Rg4 31. Qh2 Re4 32. Rxe4 Bxe4 33. Qg3 Kh7 0-1

[Event "Early-Titled-Tuesday-Blitz-January-16-2024"]
[Site "Chess.com"]
[Date "2024.01.16"]
[Round "5"]
[White "Sokoloco"]
[Black "Zavgorodniy_Sergiy"]
[Result "0-1"]
[WhiteElo "2753"]
[BlackElo "2606"]
[TimeControl "180+1"]
[EndTime "8:58:28 PST"]
[Termination "Zavgorodniy_Sergiy won on time"]

1. b3 e5 2. Bb2 d6 3. e3 Nf6 4. d4 e4 5. d5 Bf5 6. c4 h5 7. Ne2 c5 8. dxc6 bxc6 9. Nbc3 h4 10. h3 d5 11. cxd5 cxd5 12. Nd4 Bd7 13. Be2 Bd6 14. f4 exf3 15. Bxf3 Bg3+ 16. Kd2 Nc6 17. Nxc6 Bxc6 18. Ne2 Ne4+ 19. Bxe4 dxe4+ 20. Nd4 Bd7 21. a3 O-O 22. Rc1 Rb8 23. Kc2 Qb6 24. Kb1 a5 25. Qh5 Be6 26. Qg5 f6 27. Qc5 Bxb3 28. Qxb6 Rxb6 29. Rc5 Rfb8 30. Rhc1 a4 31. Ka1 Be5 32. Ra5 Bf7 33. Rc2 Bxd4 34. exd4 e3 35. Ra7 Bg6 36.
Re2 Bd3 0-1

[Event "Early-Titled-Tuesday-Blitz-January-16-2024"]
[Site "Chess.com"]
[Date "2024.01.16"]
[Round "5"]
[White "albi1999"]
[Black "GrumbleBruno"]
[Result "1-0"]
[WhiteElo "2621"]
[BlackElo "2456"]
[TimeControl "180+1"]
[EndTime "8:58:28 PST"]
[Termination "albi1999 won on time"]

1. d4 Nf6 2. Nf3 g6 3. Nc3 Bg7 4. e4 d5 5. e5 Ne4 6. Bd3 c5 7. Nxe4 dxe4 8. Bxe4 Nc6 9. c3 Bg4 10. Be3 cxd4 11. cxd4 Qa5+ 12. Qd2 Qxd2+ 13. Nxd2 Rd8 14. Nb3 Be6 15. Rd1 Bd5 16. f3 f6 17. exf6 exf6 18.
Kf2 f5 19. Bxd5 Rxd5 20. Rhe1 Kf7 21. Nc5 b6 22. Nd3 Bxd4 23. Bxd4 Nxd4 24. Ne5+ Kf6 25. Nc6 Rd6 26. Nxd4 Rhd8 27. Ke3 f4+ 28. Ke4 g5 29. g3 fxg3 30. hxg3 h6 31. g4 R8d7 32. a4 a6 33. b4 a5 34. b5 Rd8 35. Re3 1-0

[Event "Early-Titled-Tuesday-Blitz-January-16-2024"]
[Site "Chess.com"]
[Date "2024.01.16"]
[Round "5"]
[White "NewYearGirl"]
[Black "SpongeBob_03"]
[Result "0-1"]
[WhiteElo "2392"]
[BlackElo "2211"]
[TimeControl "180+1"]
[EndTime "8:58:28 PST"]
[Termination "SpongeBob_03 won by checkmate"]

1. e4 c5 2. Nf3 d6 3. d4 cxd4 4. Nxd4 Nf6 5. Nc3 g6 6. Be3 Nc6 7. f3 h5 8. Qd2 Nxd4 9. Bxd4 Bh6 10. Bb5+ Bd7 11. Qe2 a6 12. Bxd7+ Qxd7 13. Bxf6 exf6 14. Nd5 Qd8 15. O-O O-O 16. Rfd1 Re8 17. Qf2 Rc8 18. b3 b5 19. a4 Bg7 20. axb5 axb5 21. Ra6 Rc5 22.
Nb4 Qc8 23. Raxd6 f5 24. exf5 Qxf5 25. h4 Kh7 26. R6d5 Rxd5 27. Rxd5 Qf4 28. Nd3 Qb8 29. Rd7 Kg8 30. Kh1 Qc8 31. Nc5 Bf8 32. Rd5 Qa8 33.
Qd2 Qa1+ 34. Kh2 Re1 35. Ne4 Rh1+ 36. Kg3 Bg7 37. Rd8+ Bf8 38. Nf6+ Qxf6 39. Rd5 Qxh4# 0-1

[Event "Early-Titled-Tuesday-Blitz-January-16-2024"]
[Site "Chess.com"]
[Date "2024.01.16"]
[Round "5"]
[White "Kirill_Klukin"]
[Black "Polish_fighter3000"]
[Result "0-1"]
[WhiteElo "2865"]
[BlackElo "3081"]
[TimeControl "180+1"]
[EndTime "8:58:29 PST"]
[Termination "Polish_fighter3000 won by resignation"]

1. d4 Nf6 2. Nf3 b6 3. e3 Bb7 4. Bd3 g6 5. O-O c5 6. b3 Bg7 7. Bb2 cxd4 8. exd4 O-O 9. Qe2 d5 10. Nbd2 Nc6 11. a3 e6 12. Ne5 Rc8 13. Rfe1 Rc7 14.
Nxc6 Bxc6 15. a4 a5 16. Rac1 Qc8 17. h3 Rd8 18. Nf3 Bh6 19. Rcd1 Ne4 20. Ne5 Nd6 21. Qf3 Bg7 22. Bc1 Bb7 23. Ng4 Ba6 24. Bg5 Bxd3 25. cxd3 Nf5 26. Bxd8 Qxd8 27. Rc1 Nxd4 28. Qf4 Rxc1 29.
Qxc1 Nxb3 30. Qc6 Nc5 31. Rb1 h5 32. Ne3 Nxd3 33. Rxb6 Bd4 34. Rb7 Qf6 35. Qe8+ Kg7 36. Rb8 Qxf2+ 37. Kh1 Qe1+ 38. Kh2 Be5+ 0-1

[Event "Early-Titled-Tuesday-Blitz-January-16-2024"]
[Site "Chess.com"]
[Date "2024.01.16"]
[Round "5"]
[White "FormerProdigy"]
[Black "baki83"]
[Result "0-1"]
[WhiteElo "3001"]
[BlackElo "2876"]
[TimeControl "180+1"]
[EndTime "8:58:32 PST"]
[Termination "baki83 won by resignation"]

1. e4 c5 2. Nf3 d6 3. Bb5+ Bd7 4. c4 Nf6 5. Nc3 Nc6 6. d4 cxd4 7. Nxd4 g6 8. O-O Bg7 9. Bxc6 bxc6 10. h3 O-O 11.
Qc2 e5 12. Nf3 Be6 13. Rd1 Qc7 14. b3 d5 15. exd5 cxd5 16. Nb5 Qb8 17. Ba3 Rd8 18. Be7 Rd7 19. Bxf6 Bxf6 20. Nc3 dxc4 21. Rxd7 cxb3 22. Qe4 Bxd7 23. Nd5 Bd8 24. axb3 Bf5 25. Qxe5 Qxe5 26. Nxe5 Be6 27. Rd1 Rc8 28. Nc4 Rb8 29. Nf4 Bf5 30.
Ne3 Be4 31. Rd7 a5 32. Nfd5 Kf8 33. f3 Bb1 34. Nc4 Bf5 35. Ra7 Be6 36. Nf4 Bxc4 37.
bxc4 Bb6+ 0-1

[Event "Early-Titled-Tuesday-Blitz-January-16-2024"]
[Site "Chess.com"]
[Date "2024.01.16"]
[Round "5"]
[White "maximnovik"]
[Black "AlexandraSamaganova"]
[Result "1-0"]
[WhiteElo "2512"]
[BlackElo "2309"]
[TimeControl "180+1"]
[EndTime "8:58:32 PST"]
[Termination "maximnovik won on time"]

1. e4 c5 2. Nf3 e6 3. c3 Nf6 4. e5 Nd5 5. d4 cxd4 6. cxd4 d6 7. a3 Nc6 8. Bd3 Be7 9. O-O O-O 10. Re1 Bd7 11.
Qe2 dxe5 12. dxe5 Rc8 13. Qe4 g6 14. Bh6 Re8 15. Nbd2 f5 16. exf6 Bxf6 17. Nc4 Qe7 18. Rad1 Rcd8 19. h4 b5 20. Nce5 Nxe5 21. Nxe5 Bxe5 22.
Qxe5 Qf6 23. Qg3 Ne7 24. Bg5 Qg7 25. Be4 Bc8 26. Rxd8 Rxd8 27. h5 Rd4 28. Bxe7 Qxe7 29. hxg6 hxg6 30. Qxg6+ Kf8 31. g3 e5 32. Re3 Be6 33.
Rf3+ Bf7 34. Qh6+ Ke8 35. Bg6 e4 36. Rxf7 Rd1+ 37. Kg2 Qe5 38. Rg7+ 1-0

[Event "Early-Titled-Tuesday-Blitz-January-16-2024"]
[Site "Chess.com"]
[Date "2024.01.16"]
[Round "5"]
[White "yaguigor"]
[Black "Maxfan2008"]
[Result "1-0"]
[WhiteElo "2659"]
[BlackElo "2490"]
[TimeControl "180+1"]
[EndTime "8:58:33 PST"]
[Termination "yaguigor won by resignation"]

1. Nf3 d5 2. d4 Nf6 3. c4 c6 4. Nc3 dxc4 5. a4 Bf5 6. e3 e6 7.
Bxc4 Bb4 8. O-O O-O 9. Qe2 Bg6 10.
Ne5 Nbd7 11. Nxg6 hxg6 12. Rd1 Qe7 13. e4 e5 14. dxe5 Nxe5 15. Bb3 Rad8 16. Be3 Bxc3 17. bxc3 Nxe4 18. Bd4 Nc5 19. Bc2 Rfe8 20. Re1 Nf3+ 21. gxf3 Qxe2 22. Rxe2 Rxe2 23. Rc1 Ne6 24. Bxa7 c5 25.
Bb3 Nf4 26. Bxc5 Rde8 27. Be3 Nh3+ 28. Kf1 Rb2 29. Bd5 Re5 30. c4 Kh7 31. Bd4 Rf5 32. Bxb2 Nf4 33. Be4 Ra5 34. Ra1 Rc5 35. Bxb7 Rxc4 36.
a5 Rb4 37. a6 Rxb2 38. a7 Nd3 39.
a8=Q Rxf2+ 40. Kg1 Rd2 41. Qa4 Nf4 42. Qxf4 Rg2+ 1-0

[Event "Early-Titled-Tuesday-Blitz-January-16-2024"]
[Site "Chess.com"]
[Date "2024.01.16"]
[Round "5"]
[White "sofaceindisguise"]
[Black "VladimirKramnik"]
[Result "1-0"]
[WhiteElo "2681"]
[BlackElo "2917"]
[TimeControl "180+1"]
[EndTime "8:58:34 PST"]
[Termination "sofaceindisguise won on time"]

1. e4 c5 2. Nf3 d6 3. d4 cxd4 4. Nxd4 Nf6 5. Nc3 a6 6. a3 g6 7. h3 Bg7 8. Bc4 O-O 9. Ba2 b5 10. O-O Bb7 11. Re1 Nbd7 12. Bg5 h6 13. Bh4 Rc8 14.
Nd5 e6 15. Nxf6+ Nxf6 16. Qd3 g5 17. Bg3 d5 18. exd5 Bxd5 19. Bxd5 Nxd5 20. c3 Nb6 21. Rad1 Bxd4 22. cxd4 Kg7 23. h4 Qd7 24. Re5 f6 25. Rc5 Nd5 26. Rdc1 Rxc5 27. dxc5 Rc8 28. b4 Rc6 29.
Qe4 Qf7 30. hxg5 hxg5 31. Bd6 Rc8 32. Rd1 Re8 33. Rd3 Qg6 34. Qxg6+ Kxg6 35. g3 Rc8 36. Kg2 Kf7 37. Rd1 Kg6 38. Rh1 Ra8 39. Re1 Re8 40.
g4 e5 41. Rd1 Nf4+ 42. Kf3 e4+ 43. Ke3 Ng2+ 44. Kd4 1-0

[Event "Early-Titled-Tuesday-Blitz-January-16-2024"]
[Site "Chess.com"]
[Date "2024.01.16"]
[Round "5"]
[White "koncheto"]
[Black "Akewjon"]
[Result "0-1"]
[WhiteElo "2588"]
[BlackElo "2758"]
[TimeControl "180+1"]
[EndTime "8:58:34 PST"]
[Termination "Akewjon won by resignation"]

1. e4 c5 2. Nf3 d6 3. d4 cxd4 4. Nxd4 Nf6 5. f3 e5 6. Nb3 Be6 7. c4 b5 8. cxb5 d5 9. exd5 Nxd5 10. Nc3 Bb4 11. Bd2 O-O 12. Nxd5 Bxd5 13. Bxb4 Qh4+ 14. Ke2 Bc4+ 15. Ke3 Rd8 16. Qxd8+ Qxd8 17. Bxc4 Nd7 18. Rhd1 Qg5+ 19. Kd3 Nb6 20. Nc5 Qxg2 21. Kc3 Rc8 22. Bb3 h5 23. a4 Qf2 24. a5 Rxc5+ 25. Bxc5 Qxc5+ 26. Kd2 Qb4+ 27. Kc2 Nc4 28. Bxc4 Qxc4+ 29. Kb1 Qxb5 30. Ra3 h4 31. Rd8+ Kh7 32. Rd2 Qf1+ 33. Ka2 h3 34. Rd7 f5 35. Rdd3 f4 36. Rd5 Qc4+ 0-1

[Event "Early-Titled-Tuesday-Blitz-January-16-2024"]
[Site "Chess.com"]
[Date "2024.01.16"]
[Round "5"]
[White "viktorskliarov"]
[Black "anasta10"]
[Result "0-1"]
[WhiteElo "2656"]
[BlackElo "2518"]
[TimeControl "180+1"]
[EndTime "8:58:34 PST"]
[Termination "anasta10 won by resignation"]

1. e4 g6 2. d4 Bg7 3. Nc3 d6 4. Be3 a6 5. a4 Nd7 6. f3 e5 7.
Nge2 Ngf6 8. g4 exd4 9. Nxd4 Ne5 10. Be2 c5 11. Nb3 Be6 12. Nd2 O-O 13. g5 Ne8 14. f4 Nc6 15. Bc4 Nc7 16. Bxe6 fxe6 17. Qg4 b6 18. O-O d5 19. Bf2 Qe7 20. Rae1 Qf7 21.
Bg3 Nd4 22. Rc1 b5 23. Nf3 b4 24. Na2 Ne2+ 25. Kg2 Nxc1 26. Nxc1 dxe4 27. Nd2 Qf5 28.
h3 Qd5 29. Nb1 Rad8 30. h4 Bxb2 31. h5 e3+ 32. Kh3 Qf5 33. hxg6 hxg6 34. Nd3 Bd4 35. Re1 Rd7 36. Qxf5 exf5 37. Kg2 Re8 38. Kf3 Nd5 39. Re2 a5 40. Be1 c4 41. Ne5 Bxe5 42. fxe5 Rxe5 43. Bg3 Re4 0-1

[Event "Early-Titled-Tuesday-Blitz-January-16-2024"]
[Site "Chess.com"]
[Date "2024.01.16"]
[Round "5"]
[White "NovozhilovSemen"]
[Black "MidnightFox"]
[Result "1-0"]
[WhiteElo "2667"]
[BlackElo "2498"]
[TimeControl "180+1"]
[EndTime "8:58:35 PST"]
[Termination "NovozhilovSemen won by resignation"]

1. d4 Nf6 2. Nf3 g6 3. Nc3 d5 4. Bf4 Bg7 5. Nb5 Na6 6. e3 O-O 7. Be2 c6 8. Nc3 Bg4 9. Ne5 Bxe2 10. Qxe2 Nd7 11. Nxc6 bxc6 12. Qxa6 Nb6 13. b3 c5 14. Ne2 cxd4 15. exd4 Rc8 16. c3 Qd7 17. O-O g5 18. Bxg5 Qg4 19. Bf4 Rc6 20. Qd3 Rg6 21.
Bg3 h5 22. Nf4 Rh6 23. f3 Qg5 24. Nh3 Qf6 25. Rae1 Nd7 26. Qe3 e6 27. Bf4 Rg6 28. Bg5 Qf5 29. Kh1 Kh7 30. Qf4 Qxf4 31. Bxf4 Rg8 32.
Bg3 Bf6 33. Nf4 Rh6 34. Re2 h4 35. Be1 Bg5 36. Nh3 Bf6 37. Bd2 Rhg6 38. Nf4 Rg5 39. a4 Be7 40. b4 Bd6 41. Nxe6 fxe6 42. Bxg5 Rxg5 43. Rxe6 Bf8 44. Ra6 Nf6 45. Rxf6 1-0

[Event "Early-Titled-Tuesday-Blitz-January-16-2024"]
[Site "Chess.com"]
[Date "2024.01.16"]
[Round "5"]
[White "Vesper2018"]
[Black "Pastore1978"]
[Result "1-0"]
[WhiteElo "2555"]
[BlackElo "2282"]
[TimeControl "180+1"]
[EndTime "8:58:35 PST"]
[Termination "Vesper2018 won on time"]

1. e4 e6 2. d4 d5 3. e5 c5 4. c3 Nc6 5. Nf3 Bd7 6. Be2 Nge7 7. Na3 cxd4 8. cxd4 Nf5 9. Nc2 Qb6 10. O-O a5 11. Rb1 Nb4 12. g4 Ne7 13. a3 Nxc2 14.
Qxc2 Nc6 15. Be3 Rc8 16. Qd1 Be7 17. Bd3 Na7 18. a4 Nc6 19. Bb5 Nb4 20. Bxd7+ Kxd7 21. Nd2 Rc2 22. Qf3 f6 23. Nb3 Rhc8 24. exf6 gxf6 25.
Nc5+ Bxc5 26. dxc5 Qd8 27. Rbd1 Qe7 28. Bd4 e5 29.
Bc3 Rxc5 30. Bxb4 axb4 31. Rxd5+ Rxd5 32. Qxd5+ Kc7 33. Rd1 Kb8 34. Kg2 f5 35. gxf5 Rxb2 36. Qg8+ Ka7 37. Rd8 Rxf2+ 38. Kxf2 Qc5+ 39. Kf3 Qc3+ 40. Ke4 1-0

[Event "Early-Titled-Tuesday-Blitz-January-16-2024"]
[Site "Chess.com"]
[Date "2024.01.16"]
[Round "5"]
[White "Happy1712Drummer"]
[Black "Yeritsyaan"]
[Result "0-1"]
[WhiteElo "2477"]
[BlackElo "2652"]
[TimeControl "180+1"]
[EndTime "8:58:37 PST"]
[Termination "Yeritsyaan won by resignation"]

1. d4 Nf6 2. Nf3 e6 3. c4 Bb4+ 4. Nbd2 O-O 5. g3 d5 6. Bg2 dxc4 7. O-O b5 8. a4 c6 9. Ne5 Qxd4 10. Nxc6 Nxc6 11.
Bxc6 Rb8 12. axb5 Nd5 13. e3 Qc5 14. Qc2 Bxd2 15. Bxd2 a6 16. b4 Qb6 17. e4 Ne7 18.
Bf4 axb5 19. Bxb8 Nxc6 20. Bf4 Nxb4 21. Qc3 Nd3 22. Be3 Qc6 23. Rfb1 b4 24. Qd4 Bb7 25. f3 e5 26. Qb6 Qxb6 27. Bxb6 Rc8 28. Ra7 Bc6 29.
Be3 h5 30. h4 c3 31. Rba1 b3 32. R1a3 b2 33. Rb3 c2 34. Rxb2 Nxb2 35. Ra2 Nd1 36.
Rxc2 Nxe3 37. Rc3 Nd1 38. Rc1 Nb2 39. Kf2 Nd3+ 40. Ke3 Nxc1 0-1

[Event "Early-Titled-Tuesday-Blitz-January-16-2024"]
[Site "Chess.com"]
[Date "2024.01.16"]
[Round "5"]
[White "SarochaChuemsakul"]
[Black "AldokhinIvan"]
[Result "1/2-1/2"]
[WhiteElo "2432"]
[BlackElo "2593"]
[TimeControl "180+1"]
[EndTime "8:58:37 PST"]
[Termination "Game drawn by repetition"]

1. d4 Nf6 2. c4 g6 3. Nc3 Bg7 4. e4 d6 5. Nf3 O-O 6. Be2 Nc6 7. O-O Re8 8. d5 Nb4 9. a3 Na6 10. b4 e6 11. Rb1 exd5 12. exd5 Nb8 13. Bd3 a5 14.
Re1 Rxe1+ 15. Qxe1 axb4 16. axb4 Na6 17. h3 Bd7 18.
Be3 Qf8 19. Qd2 h6 20. c5 dxc5 21. Bxa6 cxb4 22. Bxb7 bxc3 23. Qxc3 Rb8 24. Qxc7 Bf5 25. Bc5 Qd8 26. Qxd8+ Rxd8 27. Rd1 Be4 28. Be7 Rd7 29. Bxf6 Bxf6 30. Bc6 Bxf3 31. gxf3 Rd6 32. f4 Kg7 33. Kg2 Bd8 34. Kf3 Bc7 35. Rd4 Rf6 36. Ra4 Bd6 37.
Ke3 Bc5+ 38. Kf3 Bd6 39. Ke3 Bc5+ 40. Ke2 Bd6 41. Ke3 1/2-1/2

[Event "Early-Titled-Tuesday-Blitz-January-16-2024"]
[Site "Chess.com"]
[Date "2024.01.16"]
[Round "5"]
[White "Phelathegreat"]
[Black "ninguno46"]
[Result "1-0"]
[WhiteElo "2434"]
[BlackElo "2530"]
[TimeControl "180+1"]
[EndTime "8:58:37 PST"]
[Termination "Phelathegreat won by resignation"]

1. d4 Nf6 2. c4 e6 3. Nc3 Bb4 4. e3 O-O 5. Ne2 Re8 6. a3 Bf8 7. d5 exd5 8. cxd5 c5 9. g3 d6 10. Bg2 a6 11. O-O b5 12. b4 Nbd7 13. bxc5 dxc5 14.
e4 b4 15. axb4 cxb4 16. Na4 Nxe4 17. Bb2 Bb7 18. Nf4 Rc8 19. Qd4 Nd6 20. Rfe1 Rxe1+ 21. Rxe1 Nb5 22. Qd2 a5 23. h4 Nf6 24. h5 h6 25. Qd3 Nd6 26. Bh3 Rc4 27. Be5 Rc7 28. Qd4 Nh7 29. Qb6 Ng5 30. Bg2 Rd7 31. Nd3 Nc4 32.
Qxd8 Rxd8 33. Bc7 Rc8 34. Bf4 Nh7 35. Ne5 Nxe5 36. Bxe5 Nf6 37. Bxf6 gxf6 38. Nb6 Rd8 39. Ra1 b3 40. Rxa5 Bb4 41. Rb5 b2 42. Rxb4 Re8 43.
Rxb2 Re1+ 44. Kh2 1-0